Map: Winter's Gate LE

Players

Djorn

  • Race: Protoss Protoss
  • League: Silver
  • Spawn Location: 5:00

RenzhVII - Winner!

  • Race: Zerg Zerg
  • League: Gold
  • Spawn Location: 11:00

VOD

Have the link to the VOD?

Description

Time

  • Played on: Aug. 27, 2019, 12:44 a.m.
  • Length: 6:36
Show
View Real Time Build Order
Export as new Build Order

Djorn Protoss 

Build Orders:  

Get SALT Encoding   

  12  0:02  Probe  
  13  0:14  Probe  
  14  0:24  Pylon  
  14  0:29  Probe  
  15  0:42  Probe  
  16  0:50  Gateway  
  16  0:52  Probe  
  17  1:00  Probe  
  18  1:09  Probe  
  18  1:17  Gateway  
  19  1:22  Pylon  
  19  1:24  Probe  
  20  1:28  Assimilator  
  20  1:44  Cybernetics Core  
  20  2:13  Pylon  
  20  2:17  Probe  
  21  2:23  Assimilator  
  21  2:29  Probe  
  22  2:42  Probe  
  22  2:43  Adept  
  25  2:52  Adept  
  27  3:11  Zealot  
  27  3:19  Probe  
  30  3:20  Zealot  
  32  3:31  Probe  
  17  3:53  Probe  
  7  4:01  Probe  
  7  4:11  Probe  
  7  4:23  Probe  
  7  4:35  Probe  
  8  4:45  Pylon  
  2  5:26  Nexus  
  2  5:50  Nexus  
Show
View Real Time Build Order
Export as new Build Order

RenzhVII Zerg - Winner!

Build Orders: Hatch First 

Get SALT Encoding   

  12  0:01  Drone  
  13  0:08  Drone  
  14  0:20  Drone, Extractor  
  15  0:43  Hatchery  
  15  0:48  Extractor  
  15  0:49  Drone  
  14  0:59  Overlord  
  14  1:11  Spawning Pool  
  14  1:14  Drone  
  14  1:59  Zergling x4  
  16  2:01  Queen  
  16  2:06  Queen  
  20  2:13  Metabolic Boost  
  20  2:19  Zergling x6  
  20  2:20  Zergling x2  
  24  2:30  Zergling x2  
  24  2:31  Zergling x4  
  27  2:47  Zergling x2  
  28  2:52  Overlord  
  28  3:03  Overlord  
  28  3:14  Overlord  
  28  3:15  Zergling x4  
  28  3:16  Zergling x6  
  33  3:24  Zergling x4  
  33  3:25  Zergling x2  
  36  3:45  Zergling x10  
  40  3:55  Zergling x2  
  35  4:07  Zergling x2  
  35  4:08  Zergling x4  
  38  4:39  Zergling x14  
  38  4:40  Zergling x8  
  49  4:45  Zergling x2  
  50  5:02  Zergling x2  
  50  5:05  Overlord x2  
Tags
 
Matchup
PvZ
Replay Pack
sc2replays
Spawn Locations
Cross Positions
Add a new tag
Caveats
  • Supply blocks, unpowered buildings, or Contaminate may cause inaccurate times.
  • Supply counts are checked every 10 seconds.